 Dungeon Crawl Stone Soup version 0.19.1 (webtiles) character file.

289464 Mesmaeker13 the Phalangite (level 20, -21/174 HPs)
             Began as a Merfolk Skald on Dec 27, 2016.
             Was the Champion of Ashenzari.
             Killed by Shatter
             ... invoked by Jorgrun
              (67 damage)
             ... on level 2 of the Elven Halls.
             The game lasted 03:25:02 (45317 turns).

Mesmaeker13 the Phalangite (Merfolk Skald)         Turns: 45317, Time: 03:25:03

Health: -21/174    AC: 19    Str: 26    XL:     20   Next: 72%
Magic:  24/30      EV:  2    Int: 15    God:    Ashenzari [******]
Gold:   1848       SH:  0    Dex: 21    Spells: 5 memorised, 20 levels left

rFire  + . .     SeeInvis +     c - +3 demon trident of the Fray {flame, *Contam +Blink Dex+7 SInv} (curse)
rCold  x . .     Gourm    .     a - +0 swamp dragon scales (curse)
rNeg   + + +     Faith    .     U - +2 shield {reflect}
rPois  ∞         Spirit   .     O - +0 helmet {SInv} (curse)
rElec  .         Reflect  +     I - +2 cloak
rCorr  .         Harm     .     H - +0 pair of gloves (curse)
MR     +....     Clarity  +     D - +1 pair of boots
Stlth  +.........               K - amulet of regeneration
                                V - +5 ring of evasion
                                N - ring of the Empty Page {Fire Str+7}

@: petrified
A: change form in water, swift swim, stealthy swim, mutation resistance 1,
strong 1
a: Curse Item, Scrying, Transfer Knowledge, Renounce Religion, Evoke Blink
}: 2/15 runes: decaying, gossamer


You were on level 2 of the Elven Halls.
You worshipped Ashenzari.
Ashenzari was exalted by your worship.
You were hungry.

You visited 7 branches of the dungeon, and saw 34 of its levels.
You also visited: Bailey, Wizlab and Desolation.

You collected 3235 gold pieces.
You spent 1387 gold pieces at shops.

Inventory:

Hand Weapons
 c - the cursed +3 demon trident of the Fray (weapon) {flame, *Contam +Blink Dex+7 SInv}
   (You acquired it on level 1 of the Lair of Beasts)

   It has been specially enchanted to burn those struck by it, causing extra
   injury to most foes and up to half again as much damage against particularly
   susceptible opponents.
   It affects your dexterity (+7).
   It lets you see invisible.
   It lets you blink.
   It causes magical contamination when unequipped.
   It has a curse placed upon it.
 l - the +8 glaive of the Guard {elec, +Rage AC+5 SInv}
   (You found it in a bailey)

   Occasionally, upon striking a foe, it will discharge some electrical energy
   and cause terrible harm.
   It affects your AC (+5).
   It lets you see invisible.
   It lets you go berserk.
Armour
 a - cursed +0 swamp dragon scales (worn)
 D - a +1 pair of boots (worn)
 H - a cursed +0 pair of gloves (worn)
 I - a +2 cloak (worn)
 O - a cursed +0 helmet of see invisible (worn)
 U - a +2 shield of reflection (worn)
Magical Staves
 P - an uncursed staff of death
Jewellery
 e - an uncursed ring of positive energy
 j - a +2 ring of protection
 x - an uncursed ring of protection from fire
 F - an uncursed ring of ice
 K - an amulet of regeneration (around neck)
 N - the ring of the Empty Page (left hand) {Fire Str+7}
   (You found it in a wizard's laboratory)

   [ring of fire]

   It enhances your fire magic.
   It affects your strength (+7).
   It protects you from fire.
   It makes you vulnerable to cold.
 V - a +5 ring of evasion (right hand)
Wands
 n - a wand of iceblast (4/15)
 q - a wand of teleportation (9/9)
 B - a wand of hasting (0/9)
 W - a wand of digging (9/24)
Scrolls
 g - 8 scrolls of fog
 h - 9 scrolls of teleportation
 o - 4 scrolls of blinking
 s - 6 scrolls of remove curse
 Q - 2 scrolls of fear
 Y - 7 scrolls of summoning
Potions
 f - 4 potions of haste
 p - 2 potions of flight
 r - 5 potions of berserk rage
 v - a potion of invisibility
 z - 5 potions of ambrosia
 A - 2 potions of resistance {unknown}
 C - 6 potions of agility
 E - 3 potions of heal wounds
 J - 3 potions of curing
 L - a potion of magic
 S - 2 potions of cancellation
Miscellaneous
 t - a phantom mirror
Comestibles
 b - a fruit
 d - 5 bread rations
 i - 3 chunks of flesh
 k - 2 meat rations


   Skills:
 + Level 19.5 Fighting
 - Level 21.0(24.4) Polearms
 + Level 8.3(11.3) Armour
 + Level 19.5(21.7) Dodging
 - Level 12.0 Shields
 - Level 7.0 Spellcasting
 - Level 9.0 Hexes
 - Level 11.0 Charms
 - Level 6.1 Necromancy
 - Level 3.0 Translocations


You had 20 spell levels left.
You knew the following spells:

 Your Spells              Type           Power        Failure   Level  Hunger
a - Tukima's Dance        Hex            ####....     1%          3    ##.....
b - Song of Slaying       Chrm           #####...     1%          2    None
c - Shroud of Golubria    Chrm/Tloc      ####......   2%          2    None
d - Spectral Weapon       Hex/Chrm       #####...     1%          3    ##.....
e - Regeneration          Chrm/Necr      ####......   2%          3    ##.....


Dungeon Overview and Level Annotations

Branches:
Dungeon (15/15)            Temple (1/1) D:4            Lair (6/6) D:10
  Swamp (4/4) Lair:3       Spider (4/4) Lair:3        Slime (0/5) Lair:5
    Orc (2/2) D:12            Elf (2/3) Orc:2        Vaults (0/5) D:13
 Depths (0/5) D:15

Altars:
Ashenzari
Cheibriados
Elyvilon
Fedhas
Gozag
Hepliaklqana
Kikubaaqudgha
Makhleb
Nemelex Xobeh
Okawaru
Qazlal
Ru
Sif Muna
Trog
Uskayaw
Vehumet
Xom
Yredelemnul
Zin
The Shining One
Beogh

Shops:
Orc:2 ?[:*

Annotations:
D:7 PinkishYellow's ghost, novice MiBe
D:8 exclusion: statue
D:12 1 runed door
D:15 exclusion: obsidian statue
Elf:2 Jorgrun


Innate Abilities, Weirdness & Mutations

You revert to your normal form in water.
You are very nimble and swift while swimming.
You are very stealthy in the water. (Stealth+)
You are somewhat resistant to further mutation.
Your muscles are strong. (Str +2)


Message History

Ouch! That really hurt!
The deep elf mage dies!
A door shatters! x2
Ka-crash!
The halberd of protection hits you from afar!
Your shroud falls apart!
You hear a shout! x9; You hear a howl!
You hear a shout! x8
Jorgrun hits you with a quarterstaff of crushing.
The halberd of protection hits you from afar.
Jorgrun hits you but does no damage.
The halberd of protection hits you but does no damage.
The halberd of protection hits you from afar!!
* * * LOW HITPOINT WARNING * * *
Jorgrun completely misses you.
The halberd of protection hits you from afar!
* * * LOW HITPOINT WARNING * * *
Jorgrun casts a spell.
The dungeon rumbles around Jorgrun!
You shudder from the earth-shattering force.
You die...

, , ,#.....)......... *,, ,
,**#.............., , ,, ,, ,*
##.)).......... ,* * ,,,
,*##..............,,,***,, , ,
,.#...(........... , ,* , ,,,
,.....(.....)...... , , ,,,
,,,*#...##....(..#..., * ,,, ,
##.# ##..).g#++) , * *, * * ##*
####.@..#*** * * ############
#.....# ##########
...........######.## *##...<.....
...........#.## #.# ##.#.........
...........#...##.##...#........>
>..........##.........##...^...[(
............#.........#........[.
............##......)##.........[
.............#.......#...........


You could see Jorgrun and a halberd of protection.

Vanquished Creatures
  the Lernaean hydra (Swamp:4)
  A mutant beast (WizLab)
  Frances (Swamp:2)
  Kirke (Swamp:1)
  Donald (Swamp:1)
  Roxanne (Spider:1)
  The ghost of Apogee the Bludgeoner, a journeyman MiFi of Okawaru (Spider:3)
  2 ghost moths
  An orc warlord (Orc:1)
  9 emperor scorpions
  6 very ugly things (WizLab)
  Azrael (Spider:1)
  A dire elephant (Lair:6)
  A deep elf annihilator (Elf:2)
  A spark wasp (Spider:4)
  A deep elf high priest (Elf:1)
  A ragged hierophant (Elf:2)
  An ettin (D:15)
  A fire dragon (D:15)
  The ghost of Uhlv the Basher, a journeyman HuFi of Okawaru (D:12)
  A servant of whispers (Elf:2)
  An ogre mage (D:15)
  6 centaur warriors
  2 catoblepae
  27 hydras
  3 peacekeepers (Desolation)
  A merfolk avatar (Lair:6)
  2 death knights (D:14)
  2 ghost crabs
  10 dancing weapons
  4 alligators
  5 death yaks
  4 tengu warriors
  6 orc high priests
  A spriggan berserker (Swamp:2)
  An iron golem (WizLab)
  3 spriggans
  12 deep elf knights
  3 skeletal warriors
  3 sea snakes
  3 fire crabs (shapeshifter)
  2 unseen horrors
  3 spriggan druids
  A death drake (shapeshifter) (WizLab)
  A deep troll (D:15)
  13 swamp dragons
  9 deep elf archers
  A swamp dragon (shapeshifter) (WizLab)
  11 orc knights
  A shambling mangrove (Swamp:2)
  A harpy (shapeshifter) (WizLab)
  A wizard (D:13)
  35 deep elf magi
  8 hill giants
  4 orc sorcerers
  A necromancer (D:13)
  30 wolf spiders
  19 orb spiders
  3 manticores
  7 large abominations (WizLab)
  A moth of wrath (Spider:4)
  21 elephants
  7 black mambas
  12 ugly things
  Psyche (D:8)
  3 torpor snails (Spider:2)
  2 gargoyles
  22 spiny frogs
  A spiny frog (shapeshifter) (WizLab)
  2 rime drakes
  A rime drake (shapeshifter) (WizLab)
  2 efreet
  2 komodo dragons (shapeshifter) (WizLab)
  10 komodo dragons
  6 demonic crawlers
  A yaktaur (D:13)
  A hellwing (D:15)
  A yaktaur (shapeshifter) (WizLab)
  3 tengu conjurers
  2 wind drakes (Lair:6)
  8 trolls
  23 jumping spiders
  A polar bear (shapeshifter) (WizLab)
  2 meliai (shapeshifter) (WizLab)
  9 polar bears
  A queen bee (Lair:2)
  2 trolls (shapeshifter)
  A two-headed ogre (shapeshifter) (WizLab)
  4 two-headed ogres
  Grinder (D:5)
  2 jumping spiders (shapeshifter) (WizLab)
  2 wind drakes (shapeshifter)
  13 hornets
  A slime creature (shapeshifter) (WizLab)
  A blink frog (shapeshifter) (WizLab)
  15 bog bodies
  6 saltlings
  7 slime creatures
  7 tyrant leeches
  A raiju (shapeshifter) (WizLab)
  7 dream sheep (Lair:6)
  8 hippogriffs
  8 blink frogs (Lair:6)
  3 air elementals
  100 redbacks
  29 tarantellas
  3 vampires
  6 wyverns
  A wraith (D:10)
  2 shadows
  3 basilisks
  6 fire elementals
  70 yaks
  2 steam dragons
  A water elemental (Elf:1)
  A human (shapeshifter) (WizLab)
  5 hogs
  2 hogs (shapeshifter) (WizLab)
  A human (WizLab)
  2 vampire mosquitoes (Swamp:3)
  3 hungry ghosts
  Edmund (D:5)
  16 swamp worms
  5 wargs
  5 insubstantial wisps (Swamp:2)
  2 mottled dragons
  A soldier ant (shapeshifter) (WizLab)
  4 soldier ants
  16 water moccasins
  Duvessa (D:5)
  4 hell hounds (Spider:1)
  A hell hound (shapeshifter) (WizLab)
  5 porcupines
  11 ice beasts
  46 orc warriors
  2 sky beasts
  4 floating eyes (WizLab)
  2 black bears (shapeshifter) (WizLab)
  2 eyes of draining (shapeshifter) (WizLab)
  13 swamp drakes
  A phantom (D:8)
  2 black bears
  16 ogres
  8 wolves
  3 eyes of draining
  11 centaurs
  14 crocodiles
  3 big kobolds
  6 small abominations (WizLab)
  24 bullfrogs
  A gnoll sergeant (D:12)
  Dowan (D:5)
  4 scorpions
  A wyvern skeleton (D:15)
  A water moccasin skeleton (D:9)
  27 killer bees
  4 wights (D:10)
  2 electric eels
  A howler monkey (D:7)
  2 centaur zombies
  9 crimson imps
  A quasit (D:13)
  9 jellies
  20 orc priests
  5 hounds
  9 centaur skeletons
  3 bullfrog skeletons
  2 iguanas
  21 orc wizards
  5 hell rats (Lair:3)
  11 worker ants
  A killer bee zombie (D:7)
  A hound zombie (D:10)
  2 hound skeletons
  13 adders
  3 worker ant zombies
  A gnoll (D:13)
  3 shadow imps
  2 oozes
  An adder skeleton (D:5)
  4 adder zombies
  A worm (shapeshifter) (WizLab)
  2 dart slugs
  9 leopard geckos
  95 orcs
  4 giant cockroaches
  12 hobgoblins
  3 jackals (D:5)
  3 quokkas
  2 ball pythons
  6 bats
  5 frilled lizards
  12 goblins
  A jackal zombie (D:6)
  20 kobolds
  A quokka skeleton (D:6)
  7 rats
  A fungus (Lair:5)
1339 creatures vanquished.

Vanquished Creatures (others)
  A deep elf knight (Elf:2)
  A deep elf archer (Elf:2)
  A deep elf mage (Elf:2)
  An orb spider (Spider:3)
  An elephant (Lair:6)
  A dancing weapon (Elf:2)
  An orc (D:15)
  A jackal (D:5)
  A bush (Swamp:4)
  24 fungi
  40 plants
  85 spectral weapons
158 creatures vanquished.

Grand Total: 1497 creatures vanquished

Notes
Turn   | Place    | Note
-------+----------+-------------------------------------------
     0 | D:1      | Mesmaeker13 the Merfolk Skald began the quest for the Orb.
     0 | D:1      | Reached XP level 1. HP: 16/16 MP: 3/3
   298 | D:1      | Reached XP level 2. HP: 19/22 MP: 5/5
   808 | D:1      | Reached XP level 3. HP: 26/27 MP: 2/6
  1014 | D:2      | Learned a level 2 spell: Song of Slaying
  1139 | D:2      | Reached skill level 4 in Polearms
  1593 | D:2      | Learned a level 2 spell: Shroud of Golubria
  1597 | D:3      | Found a burning altar of Makhleb.
  2074 | D:3      | Reached XP level 4. HP: 32/33 MP: 7/7
  2639 | D:3      | Reached XP level 5. HP: 35/38 MP: 1/8
  3150 | D:3      | Found a blossoming altar of Fedhas.
  3367 | D:4      | Learned a level 3 spell: Spectral Weapon
  3431 | D:4      | Reached skill level 5 in Polearms
  3650 | D:4      | Found a staircase to the Ecumenical Temple.
  3652 | D:4      | Noticed an ogre
  3666 | D:4      | Killed an ogre
  3666 | D:4      | Reached skill level 1 in Hexes
  3666 | D:4      | Reached XP level 6. HP: 44/44 MP: 9/9
  3706 | Temple   | Entered the Ecumenical Temple
  3916 | D:4      | Reached skill level 5 in Charms
  4080 | D:5      | Entered Level 5 of the Dungeon
  4084 | D:5      | Noticed Duvessa
  4084 | D:5      | Noticed Dowan
  4227 | D:5      | Reached skill level 5 in Dodging
  4435 | D:5      | Found a sparkling altar of Nemelex Xobeh.
  4464 | D:5      | Reached skill level 6 in Polearms
  4516 | D:5      | Reached XP level 7. HP: 50/50 MP: 6/10
  4784 | D:5      | Noticed Grinder
  5157 | D:6      | Found a bloodstained altar of Trog.
  5158 | D:6      | Found an ancient bone altar of Kikubaaqudgha.
  5553 | D:6      | Reached skill level 7 in Polearms
  5934 | D:6      | Noticed a yak
  5934 | D:6      | Noticed a yak
  5935 | D:6      | Noticed a yak
  6171 | D:6      | Noticed a yak
  6219 | D:7      | Reached XP level 8. HP: 56/56 MP: 7/11
  6315 | D:7      | Noticed PinkishYellow's ghost (novice MiBe)
  7002 | D:8      | Noticed Psyche
  7011 | D:8      | Killed Psyche
  7011 | D:8      | Reached skill level 8 in Polearms
  7171 | D:8      | Learned a level 3 spell: Regeneration
  7180 | D:8      | Found a radiant altar of Vehumet.
  7386 | D:8      | Found a hide-covered altar of Uskayaw.
  7549 | D:6      | Killed a yak
  7556 | D:6      | Killed a yak
  7556 | D:6      | Reached skill level 9 in Polearms
  7556 | D:6      | Reached XP level 9. HP: 59/64 MP: 4/12
  8336 | D:5      | Got a bloodstained robe
  8359 | D:5      | Killed Grinder
  8444 | D:5      | Noticed Edmund
  8472 | D:5      | Killed Duvessa
  8472 | D:5      | Reached skill level 10 in Polearms
  8481 | D:5      | Killed Dowan
  8491 | D:5      | Reached skill level 5 in Fighting
  8668 | D:5      | Killed Edmund
  9199 | D:8      | Identified the +1 robe "Gyqaics" {Str+4 Dex+2} (You found it on level 5 of the Dungeon)
 10048 | D:8      | Found an opulent altar of Gozag.
 10252 | D:8      | Reached XP level 10. HP: 74/74 MP: 0/13
 10687 | D:8      | Reached skill level 5 in Hexes
 10831 | D:8      | Reached skill level 11 in Polearms
 10888 | D:8      | Reached skill level 10 in Dodging
 11202 | D:9      | Found a shattered altar of Ashenzari.
 11223 | D:9      | Became a worshipper of Ashenzari the Shackled
 11310 | D:9      | Noticed an unseen horror
 11316 | D:9      | Killed an unseen horror
 11884 | D:10     | Entered Level 10 of the Dungeon
 11918 | D:10     | Reached skill level 1 in Translocations
 12015 | D:10     | Found a staircase to the Lair.
 12219 | D:10     | Noticed a hill giant
 12226 | D:10     | Killed a hill giant
 12226 | D:10     | Reached skill level 12 in Polearms
 12226 | D:10     | Reached XP level 11. HP: 54/84 MP: 8/14
 12410 | D:10     | HP: 3/84 [troll (16)]
 12411 | D:10     | HP: 1/84 [troll (2)]
 12696 | D:10     | Found a glowing golden altar of the Shining One.
 13177 | D:10     | Noticed a hill giant
 13195 | D:10     | Killed a hill giant
 14587 | D:10     | Found a sacrificial altar of Ru.
 15159 | D:7      | Reached skill level 13 in Polearms
 15179 | D:7      | Noticed an unseen horror
 15193 | D:7      | Killed an unseen horror
 15531 | D:11     | Noticed a manticore
 15538 | D:11     | Killed a manticore
 15656 | D:11     | Reached skill level 1 in Armour
 15984 | D:11     | Reached * piety under Ashenzari
 16259 | D:11     | Reached XP level 12. HP: 94/94 MP: 15/18
 16399 | D:11     | Reached skill level 1 in Necromancy
 16540 | D:12     | Noticed a catoblepas
 16586 | D:11     | Killed a catoblepas
 16931 | D:12     | Noticed Uhlv's ghost (journeyman HuFi)
 17031 | Lair:1   | Entered Level 1 of the Lair of Beasts
 17233 | Lair:1   | Reached skill level 14 in Polearms
 17274 | Lair:1   | Noticed a seven-headed hydra
 17342 | D:10     | Killed a seven-headed hydra
 18307 | Lair:2   | Reached skill level 10 in Fighting
 18455 | Lair:2   | Reached ** piety under Ashenzari
 19315 | Lair:2   | Reached XP level 13. HP: 104/104 MP: 12/19
 19322 | Lair:2   | Reached skill level 15 in Polearms
 19703 | Lair:3   | Found a hole to the Spider Nest.
 19974 | Lair:3   | Found a staircase to the Swamp.
 20314 | Lair:4   | Learned a level 3 spell: Ozocubu's Armour
 20350 | Lair:4   | Reached skill level 5 in Armour
 20350 | Lair:4   | Reached skill level 5 in Necromancy
 20397 | Lair:4   | Identified the +3 ring mail "Juatudou" {Regen+ Str-4 Int+5 Slay+5}
 20612 | Lair:4   | Reached *** piety under Ashenzari
 21418 | Lair:5   | Found a staircase to the Slime Pits.
 21481 | Lair:5   | Reached skill level 16 in Polearms
 21520 | Lair:6   | Entered Level 6 of the Lair of Beasts
 21788 | Lair:6   | Reached XP level 14. HP: 81/113 MP: 14/20
 22421 | Lair:5   | Reached skill level 10 in Charms
 22901 | Lair:6   | Reached skill level 17 in Polearms
 23230 | Lair:6   | Noticed a dire elephant
 23248 | Lair:6   | Killed a dire elephant
 25040 | Lair:6   | Reached skill level 18 in Polearms
 25490 | Lair:6   | Reached XP level 15. HP: 107/122 MP: 12/21
 25968 | Lair:1   | Identified a scroll of acquirement
 25973 | Lair:1   | Got the cursed demon trident of the Fray {flame, *Contam +Blink Dex+7 SInv}
 25974 | Lair:1   | Identified the cursed +3 demon trident of the Fray {flame, *Contam +Blink Dex+7 SInv} (You acquired it on level 1 of the Lair of Beasts)
 26108 | D:12     | Found a staircase to the Orcish Mines.
 26108 | D:12     | Found a radiant altar of Vehumet.
 26205 | D:12     | Killed Uhlv's ghost
 26235 | D:12     | Found a runed door.
 26235 | D:12     | Noticed a frost giant
 26235 | D:12     | Noticed a sphinx
 26662 | D:13     | Found a flagged portal.
 26676 | Bailey   | Entered a bailey
 26856 | Bailey   | Reached **** piety under Ashenzari
 27443 | D:13     | Found a gate to the Vaults.
 27767 | D:13     | Reached skill level 15 in Dodging
 28058 | D:13     | Reached skill level 19 in Polearms
 28924 | D:14     | Reached skill level 1 in Shields
 29296 | D:15     | Entered Level 15 of the Dungeon
 29503 | D:15     | Found a staircase to the Depths.
 29516 | D:15     | Reached XP level 16. HP: 112/134 MP: 20/22
 29544 | D:15     | Reached skill level 15 in Fighting
 29992 | D:15     | Reached ***** piety under Ashenzari
 30296 | Orc:1    | Entered Level 1 of the Orcish Mines
 30728 | Orc:1    | Reached skill level 5 in Shields
 31022 | Orc:2    | Entered Level 2 of the Orcish Mines
 31189 | Orc:2    | Found a roughly hewn altar of Beogh.
 31408 | Orc:2    | Found a staircase to the Elven Halls.
 32064 | Orc:2    | HP: 1/141 [orc warrior/hand axe of venom (12)]
 32415 | Orc:2    | Found Uxainayl's Magic Scroll Boutique.
 32418 | Orc:2    | Found Xetaill's Book Shop.
 32419 | Orc:2    | Found Tiumaumi's Assorted Antiques.
 32420 | Orc:2    | Found Dubruzic's Antique Armour Boutique.
 32423 | Orc:2    | Bought a scroll of enchant armour for 195 gold pieces
 32423 | Orc:2    | Bought a runed ring mail for 260 gold pieces
 32427 | Orc:2    | Bought a scroll of identify for 22 gold pieces
 32427 | Orc:2    | Bought a scroll of teleportation for 33 gold pieces
 32427 | Orc:2    | Bought a scroll of teleportation for 33 gold pieces
 32430 | Orc:2    | Bought a runed helmet for 304 gold pieces
 32453 | Orc:2    | Bought a book of Maledictions for 300 gold pieces
 32453 | Orc:2    | Bought a book of Misfortune for 240 gold pieces
 32742 | Lair:1   | Learned a level 3 spell: Tukima's Dance
 32814 | Swamp:1  | Entered Level 1 of the Swamp
 32840 | Swamp:1  | Noticed Donald
 32846 | Swamp:1  | Noticed Kirke
 32854 | Swamp:1  | Killed Donald
 32908 | Swamp:1  | Killed Kirke
 33120 | Swamp:1  | Reached XP level 17. HP: 147/147 MP: 23/23
 33504 | Swamp:2  | Noticed Frances
 34026 | Swamp:2  | Reached XP level 18. HP: 138/155 MP: 14/24
 34577 | Swamp:2  | Killed Frances
 34889 | Swamp:3  | Reached skill level 10 in Shields
 35517 | Swamp:4  | Entered Level 4 of the Swamp
 36075 | Swamp:4  | Reached skill level 5 in Spellcasting
 36175 | Swamp:4  | Reached ****** piety under Ashenzari
 36355 | Swamp:4  | Noticed the 27-headed Lernaean hydra
 36461 | Spider:1 | Entered Level 1 of the Spider Nest
 36528 | Spider:1 | Noticed Roxanne
 36731 | Spider:1 | Killed Roxanne
 36971 | Spider:1 | Noticed Azrael
 36989 | Spider:1 | Killed Azrael
 37924 | Spider:2 | Identified the +4 plate armour of the Inquisitive Ghosts {rN++ Stlth+}
 38611 | Spider:3 | Noticed Apogee's ghost (journeyman MiFi)
 38636 | Spider:2 | Reached XP level 19. HP: 142/163 MP: 22/26
 38948 | Spider:3 | Killed Apogee's ghost
 39392 | Spider:4 | Entered Level 4 of the Spider Nest
 40353 | Spider:4 | Reached skill level 20 in Polearms
 40526 | Spider:4 | Got a gossamer rune of Zot
 41190 | Swamp:4  | Identified the +6 arbalest of Yntiykhlu {velocity, *Slow MR+ Dex+3}
 41244 | Swamp:4  | Killed the 27-headed Lernaean hydra
 41464 | Swamp:4  | Got a decaying rune of Zot
 41771 | Lair:1   | Gained mutation: You are somewhat resistant to further mutation. [potion of mutation]
 41771 | Lair:1   | Gained mutation: Your muscles are strong. (Str +2) [potion of mutation]
 41935 | Elf:1    | Entered Level 1 of the Elven Halls
 42300 | Elf:1    | Found a magical portal.
 42309 | WizLab   | Entered Cigotuvi's Fleshworks
 42461 | WizLab   | Reached XP level 20. HP: 172/172 MP: 30/30
 42799 | WizLab   | Identified Cigotuvi's Incunabulum of Doomed Changing
 42805 | WizLab   | Identified the Grimoire of Shape Shifting
 42812 | WizLab   | Identified the Incunabulum of Transmigration
 42840 | WizLab   | Identified the ring of the Empty Page {Fire Str+7}
 43507 | Elf:1    | Identified the +1 robe of the Dwarven Hall {Str+2}
 43683 | Elf:1    | Reached skill level 21 in Polearms
 43702 | Elf:1    | Identified the +2 ring mail "Tobb" {+Inv rC- rCorr Str+3}
 44140 | Elf:2    | Found a ruined gateway.
 44189 | Desolati | Entered the Desolation of Salt
 44240 | Desolati | Identified the ring "Tuginuet" {rN+ Str+2 Int+4}
 44240 | Desolati | Identified the +6 eveningstar of Sloth {flame, Str+3}
 45267 | Elf:2    | Found a runed gate.
 45267 | Elf:2    | Found a runed gate.
 45273 | Elf:2    | Found a runed gate.
 45300 | Elf:2    | Noticed Jorgrun
 45317 | Elf:2    | Killed from afar by Jorgrun

Skill      XL: |  1  2  3  4  5  6  7  8  9 10 11 12 13 14 15 16 17 18 19 20 |
---------------+-------------------------------------------------------------+-----
Dodging        | 2 3 4 5 6 8 9 10 12 14 15 16 17 18 19 | 19.5
Polearms       | 4 5 6 7 9 10 12 13 14 16 18 19 20 21 | 21.0
Charms         | 4 5 6 7 8 9 10 11 | 11.0
Hexes          | 1 2 3 4 6 7 8 9 |  9.0
Fighting       | 3 5 7 8 10 11 12 14 17 18 19 | 19.5
Translocations | 1 2 3 |  3.0
Spellcasting   | 4 5 7 |  7.0
Armour         | 1 4 6 8 |  8.3
Necromancy     | 4 6 |  6.1
Shields        | 3 8 9 12 | 12.0

Action                   |  1- 3 |  4- 6 |  7- 9 | 10-12 | 13-15 | 16-18 | 19-21 || total
-------------------------+-------+-------+-------+-------+-------+-------+-------++-------
Melee: Spear             |   132 |   209 |   125 |       |       |       |       ||   466
       Glaive            |       |    37 |   134 |   402 |   607 |       |       ||  1180
       Trident           |       |       |       |   380 |   157 |       |       ||   537
       Tailslap          |       |       |       |     5 |    23 |    40 |    31 ||    99
       Demon trident     |       |       |       |       |   508 |  1248 |  1089 ||  2845
 Fire: Blowgun           |       |     6 |       |       |       |       |       ||     6
Throw: Javelin           |       |       |       |     2 |       |       |       ||     2
       Throwing net      |       |       |       |     1 |       |       |       ||     1
 Cast: Infusion          |    10 |    15 |    19 |    18 |       |       |       ||    62
       Song of Slaying   |       |     1 |     3 |     8 |     6 |     4 |     1 ||    23
       Spectral Weapon   |       |     1 |    13 |    56 |    93 |    88 |    67 ||   318
       Shroud of Golubri |       |       |     3 |    32 |    44 |    31 |    30 ||   140
       Regeneration      |       |       |     3 |    10 |    29 |    30 |    15 ||    87
       Tukima's Dance    |       |       |       |       |       |       |     5 ||     5
Invok: Curse Item        |       |       |       |     4 |       |     3 |       ||     7
       Scrying           |       |       |       |       |     1 |     1 |     1 ||     3
Evoke: Wand              |       |       |     1 |     8 |    13 |     1 |     3 ||    26
  Use: Scroll            |     4 |     8 |    11 |     9 |    16 |     9 |    10 ||    67
       Potion            |       |       |     1 |     7 |     2 |     2 |     2 ||    14
 Stab: Sleeping          |     2 |     2 |     1 |     7 |     5 |     3 |       ||    20
       Distracted        |       |       |       |     6 |    11 |    16 |     9 ||    42
       Petrified         |       |       |       |     6 |       |       |       ||     6
       Petrifying        |       |       |       |       |     1 |       |       ||     1
       Held in net/web   |       |       |       |       |       |       |     1 ||     1
  Eat: Chunk             |     4 |     7 |     9 |    31 |    35 |    30 |    13 ||   129
       Fruit             |       |     1 |     5 |     1 |       |       |     3 ||    10
       Bread ration      |       |       |     1 |     2 |     3 |     3 |     2 ||    11
       Meat ration       |       |       |     1 |       |       |       |       ||     1
       Beef jerky        |       |       |       |       |       |       |     1 ||     1
Armor: Leather armour    |    25 |    61 |    72 |    79 |       |       |       ||   237
       Robe              |       |       |     4 |       |       |       |       ||     4
       Ring mail         |       |       |       |    53 |   216 |    56 |       ||   325
       Swamp dragon scal |       |       |       |       |       |    87 |    85 ||   172
Dodge: Dodged            |    53 |   112 |   147 |   627 |  1154 |   695 |   566 ||  3354
Block: Shield            |       |       |       |       |       |   389 |   412 ||   801
       Reflection        |       |       |       |       |       |       |     8 ||     8
